 Dungeon Crawl Stone Soup version 0.29-a0-648-g6b26cc9f40 (webtiles) character file.

Game seed: 12606783724429984560

366 miscthings the Basher (level 7, -2/57 HPs)
             Began as a Meteoran Monk on June 21, 2022.
             Killed from afar by Dowan (17 damage)
             ... with a shard of ice
             ... on level 3 of the Dungeon.
             The game lasted 00:09:03 (1411 turns).

miscthings the Basher (Meteoran Monk)               Turns: 1411, Time: 00:09:04

Health: -2/57      AC:  6    Str: 15    XL:     7   Next: 21%
Magic:  8/8        EV: 17    Int: 12    God:
Gold:   110        SH:  3    Dex: 16    Spells: 2/6 levels left

rFire   . . .      SeeInvis .   a - +0 mace
rCold   . . .      Faith    .   e - +0 buckler
rNeg    . . .      Spirit   .   b - +0 robe
rPois   .          Reflect  .   w - +0 helmet
rElec   .          Harm     .   (no cloak)
rCorr   .          Rampage  .   (no gloves)
Will    .....                   c - +0 pair of boots
Stlth   +.........              (no amulet)
HPRegen 0.19/turn               u - +4 ring of evasion
MPRegen 0.11/turn               (no ring)

@: glowing
A: sense surroundings 1, otherworldly, glowing, explore regen, iridescent scales
1, deterioration 1
a: no special abilities


You were on level 3 of the Dungeon.
You visited 1 branch of the dungeon, and saw 4 of its levels.

You collected 110 gold pieces.

Inventory:

Hand Weapons
 a - a +0 mace (weapon)
Missiles
 t - an atropa-tipped dart (quivered)
Armour
 b - a +0 robe (worn)
 c - a +0 pair of boots (worn)
 e - a +0 buckler (worn)
 w - a +0 helmet (worn)
Magical Staves
 q - a staff of air
Jewellery
 u - a +4 ring of evasion (left hand)
Wands
 f - a wand of iceblast (1)
Scrolls
 d - a scroll of enchant weapon {unknown}
 g - a scroll of silence
 h - a scroll of identify {@r1}
 i - a scroll of enchant armour {unknown}
 j - 2 scrolls of teleportation {unknown}
 k - a scroll of vulnerability {unknown}
 n - a scroll of magic mapping {unknown}
 r - a scroll of immolation {unknown}
 s - a scroll of summoning {unknown}
Potions
 l - 2 potions of attraction
 m - a potion of brilliance
 p - 2 potions of flight
 v - a potion of mutation


   Skills:
 - Level 3.2 Fighting
 + Level 9.6 Maces & Flails
 - Level 3.6 Dodging
 - Level 1.4 Stealth


You had 2 spell levels left.
You knew the following spells:

 Your Spells              Type           Power      Damage    Failure   Level
a - Iskenderun's Mystic   Conj/Tloc      0%         2d3       99%         4

Your spell library contained the following spells:

 Spells                   Type           Power      Damage    Failure   Level
 Static Discharge         Conj/Air       0%         N/A       56%         2
 Confusing Touch          Hex            0%         N/A       80%         3
 Ozocubu's Armour         Ice            0%         N/A       80%         3
 Dispel Undead            Necr           0%         3d6       99%         4
 Sticky Flame             Conj/Fire      0%         2d3       99%         4
 Yara's Violent Unravell  Hex/Tmut       0%         3d3       100%        5
 Enfeeble                 Hex            0%         N/A       100%        7
 Ozocubu's Refrigeration  Ice            0%         4d5       100%        7
 Borgnjor's Revivificati  Necr           0%         N/A       100%        8
 Disjunction              Tloc           0%         N/A       100%        8


Dungeon Overview and Level Annotations

Branches:
Dungeon (4/15) Zot: 970
 Temple: D:4-7

Altars:

Shops:
D:1 [

Annotations:
D:3 Dowan


Innate Abilities, Weirdness & Mutations

You passively map a small area around you.
You are easily found by Zot.
You glow in the dark.
You regain HP and MP as you explore.
You are partially covered in iridescent scales. (AC +2)
Your body sometimes deteriorates upon taking damage.


Message History

The atropa-tipped dart barely misses Duvessa.
Duvessa barely misses you.
Throw: 2 darts (atropa)
Press: ? - help, Q - select action, (/) - cycle Shift-Dir - straight line, f/p - Duvessa
Aim: Duvessa, wielding a +0 rapier and wearing a +0 leather armour (heavily wounded, fast, 64% to hit, chance to blind on hit: 51%)
You throw an atropa-tipped dart. The atropa-tipped dart hits Duvessa.
Duvessa appears confused.
Duvessa is heavily wounded.
Duvessa misses you. x2
You hit Duvessa but do no damage.
Duvessa is heavily wounded.
Duvessa seems less confused.
Dowan hits you but does no damage. Duvessa barely misses you.
You closely miss Duvessa.
Duvessa is heavily wounded.
Duvessa closely misses you. You block Dowan's attack.
Duvessa completely misses you. Dowan completely misses you.
You sock Duvessa!
Duvessa is severely wounded.
Duvessa hits you but does no damage. Dowan completely misses you.
Duvessa misses you.
You sock Duvessa!
Duvessa is almost dead.
Duvessa is no longer blind.
Duvessa hits you with a +0 rapier.
You sock Duvessa!
You kill Duvessa!
Dowan screams, "No!
No!"
Dowan seems to find hidden reserves of power!
Dowan closely misses you. Dowan hits you with a +0 dagger.
Your Maces & Flails skill increases to level 9!
You have reached level 7!
You miss Dowan.
Dowan is heavily wounded.
Dowan hits you with a +0 dagger. x2
* * * LOW HITPOINT WARNING * * *
You closely miss Dowan.
Dowan is heavily wounded.
Dowan points at you and mumbles some strange words.
The shard of ice hits you!
You die...

.♣♣♣..# ♣.♣ #..#
.PP♣..#♣♣.♣♣#..#
..♣♣..##..#.#..##########
♣..♣#.##..#.#..<........#
♣..♣#.##..#.##.########.#
................>#### #.#
#.#.#.##............# #.#
.^..)....####..#)##.# #.#
#.#.#.#.....#..#@##.# #.#
#.#.#.#.#.###..#e##.# #.#
#.#.#.#..........##.# #>#
#.#.#............##.# #.#
....).#..........##.###.#
#.#.#.#...........#...#.#
#...#.#.#.#'#.#######.#.#
#####.....#.#.........#.#
#######.###.###########.#


You could see Dowan (fast).

Vanquished Creatures
  Sigmund (D:2)
  Duvessa (D:3)
  An orc priest (D:3)
  An adder (D:3)
  2 worms (D:2)
  3 orcs (D:3)
  5 endoplasms
  3 giant cockroaches
  3 hobgoblins
  6 jackals
  8 kobolds
  7 ball pythons
  2 bats
  6 frilled lizards
  6 goblins
  3 rats
58 creatures vanquished.

Vanquished Creatures (others)
  2 plants (D:3)
2 creatures vanquished.

Grand Total: 60 creatures vanquished

Notes
Turn   | Place    | Note
-------+----------+-------------------------------------------
     0 | D:1      | miscthings the Meteoran Monk began the quest for the Orb.
     0 | D:1      | Reached XP level 1. HP: 19/19 MP: 2/2
   105 | D:1      | Reached XP level 2. HP: 19/26 MP: 3/3
   161 | D:1      | Reached skill level 5 in Maces & Flails
   210 | D:1      | Reached XP level 3. HP: 26/31 MP: 4/4
   268 | D:1      | Found Kiseuff's Armour Shop.
   530 | D:2      | Reached XP level 4. HP: 34/38 MP: 5/5
   553 | D:2      | Noticed Sigmund
   602 | D:2      | Gained mutation: You are partially covered in iridescent
                  | scales. (AC +2) [potion of mutation]
   602 | D:2      | Gained mutation: Your body sometimes deteriorates upon
                  | taking damage. [potion of mutation]
   629 | D:2      | Killed Sigmund
   630 | D:2      | Reached skill level 8 in Maces & Flails
   630 | D:2      | Reached XP level 5. HP: 23/45 MP: 6/6
   630 | D:2      | Reached XP level 6. HP: 26/51 MP: 7/7
   749 | D:2      | Found a faded altar of an unknown god.
   947 | D:4      | Noticed Duvessa
   947 | D:4      | Noticed Dowan
  1188 | D:3      | Got Noist's Incunabulum of Ghastly Displacement
  1319 | D:3      | Learned a level 4 spell: Iskenderun's Mystic Blast
  1409 | D:3      | Killed Duvessa
  1410 | D:3      | Reached skill level 9 in Maces & Flails
  1410 | D:3      | Reached XP level 7. HP: 21/57 MP: 8/8
  1411 | D:3      | Killed from afar by Dowan

Illustrated notes

Levels and vault maps discovered:
D:1:      elethiomel_arrival_shortcut, layout_basic, serial_shops,
          nicolae_lakefront_shop
D:2:      layout_basic, hellmonk_ecumenical_altar_arch_garden,
          serial_park_tiny_1, minmay_tromino_i4, uniq_sigmund
D:3:      kennysheep_six_static_rooms, layout_basic, serial_forest,
          infiniplex_forest_straight_3, infiniplex_forest_clump_double,
          infiniplex_forest_lined_room_2, infiniplex_forest_clump_long,
          infiniplex_forest_straight_4, infiniplex_forest_clump_medium,
          infiniplex_forest_diagonal
D:4:      gammafunk_wand_slinger, layout_rooms, zin_academy, uniq_duvessa

Skill      XL: |  1  2  3  4  5  6 |
---------------+-------------------+-----
Maces & Flails | 5 8 9 |  9.6
Fighting       | |  3.2
Dodging        | |  3.6
Stealth        | |  1.4

Action                   |  1- 3 |  4- 6 |  7- 9 || total
-------------------------+-------+-------+-------++-------
Melee: Mace              |    94 |    88 |     2 ||   184
       Punch             |     1 |     1 |       ||     2
Throw: Dart              |       |     3 |       ||     3
       Throwing net      |       |     2 |       ||     2
Evoke: Wand              |       |     2 |       ||     2
  Use: Scroll            |       |     5 |       ||     5
       Potion            |       |     3 |       ||     3
Armor: Robe              |    14 |    19 |       ||    33
Dodge: Dodged            |    42 |    65 |       ||   107
Block: Buckler           |       |    11 |       ||    11

Table legend: (Time is in decaauts)
 A = Elapsed time spent in this place.
 B = Non-inter-level travel time spent in this place.
 C = Inter-level travel time spent in this place.
 D = Time resting spent in this place.
 E = Time spent auto-exploring this place.
 F = Levels seen in this place.
 G = Mean time per level.
                   A        B        C        D        E       F      G
               +--------+--------+--------+--------+--------+-----+--------+
         Total |   1428 |   1204 |    224 |      0 |    201 |   4 |  357.0 |
       Dungeon |   1428 |   1204 |    224 |      0 |    201 |   4 |  357.0 |
               +--------+--------+--------+--------+--------+-----+--------+

Top non-repeatable levels by time:
     D:2: 528 daAuts
     D:3: 467 daAuts
     D:1: 417 daAuts
     D:4: 14 daAuts
